 Dungeon Crawl Stone Soup version 0.23.2-1-ga50397a (webtiles) character file.

Game seed: 12917695178508450693

27004 schauveau the Markscentaur (level 13, -2/116 HPs)
             Began as a Centaur Hunter on May 1, 2019.
             Was the Champion of Okawaru.
             Slain by a catoblepas (13 damage)
             ... on level 3 of the Lair of Beasts.
             The game lasted 00:45:15 (21096 turns).

schauveau the Markscentaur (Centaur Hunter)        Turns: 21096, Time: 00:45:16

Health: -2/116     AC: 16    Str: 15    XL:     13   Next: 2%
Magic:  13/13      EV:  8    Int: 10    God:    Okawaru [******]
Gold:   672        SH:  0    Dex: 21    Spells: 12/12 levels left

rFire    . . .     SeeInvis .   b - +4 halberd (freeze)
rCold    + . .     Gourm    .   (shield currently unavailable)
rNeg     . . .     Faith    .   O - +2 leather armour of the Good {Dex+6}
rPois    .         Spirit   .   R - +0 helmet
rElec    .         Reflect  .   (no cloak)
rCorr    .         Harm     .   K - +1 pair of gloves
MR       .....                  D - +0 centaur barding
Stlth    +.........             Z - amulet of regeneration
HPRegen  0.69/turn              M - ring of protection from cold
MPRegen  0.13/turn              (no ring)

@: very quick
A: large, hooves 3, deformed body, speed 2, tough skin 3
a: Heroism, Finesse, Renounce Religion


You were on level 3 of the Lair of Beasts.
You worshipped Okawaru.
Okawaru was exalted by your worship.
You were not hungry.

You visited 3 branches of the dungeon, and saw 14 of its levels.
You also visited: Gauntlet.

You collected 672 gold pieces.

Inventory:

Hand Weapons
 a - a +2 shortbow
 b - a +4 halberd of freezing (weapon)
 Q - a +0 hand axe of flaming
Missiles
 d - 46 arrows
 k - 14 javelins
 m - 290 stones (quivered)
 B - 9 tomahawks
Armour
 p - the +4 troll leather armour "Siuracir" {MR+ Regen+ Int+2, unknown}
   (Okawaru gifted it to you on level 4 of the Lair of Beasts)

   It affects your intelligence (+2).
   It affects your resistance to hostile enchantments.
   It increases your rate of regeneration.
 D - a +0 centaur barding (worn)
 F - the +0 centaur barding of the Spheres {rF- rN+++ MR++}
   (Okawaru gifted it to you on level 1 of the Lair of Beasts)

   It makes you vulnerable to fire.
   It renders you almost immune to negative energy.
   It affects your resistance to hostile enchantments.
 K - a +1 pair of gloves (worn)
 O - the +2 leather armour of the Good (worn) {Dex+6}
   (You found it on level 8 of the Dungeon)

   It affects your dexterity (+6).
 R - a +0 helmet (worn)
 V - a +1 robe of cold resistance
 W - a +0 crystal plate armour
Jewellery
 c - an uncursed ring of teleportation
 l - an uncursed amulet of the gourmand {unknown}
 y - a +2 amulet of reflection
 M - a ring of protection from cold (left hand)
 U - an uncursed ring of ice
 Z - an amulet of regeneration (around neck)
Wands
 x - a wand of enslavement (25)
 C - a wand of disintegration (19)
 N - a wand of random effects (43)
 P - a wand of flame (14)
 T - a wand of paralysis (13)
 Y - a wand of clouds (6)
Scrolls
 i - 2 scrolls of fog
 n - 4 scrolls of remove curse
 q - 6 scrolls of amnesia
 u - a scroll of blinking
 z - a scroll of identify
 E - a scroll of summoning
 G - 3 scrolls of enchant weapon
 I - a scroll of magic mapping
 J - a scroll of fear
 X - a scroll of holy word
Potions
 e - 2 potions of heal wounds
 g - 2 potions of brilliance {unknown}
 h - 2 potions of berserk rage {unknown}
 o - 3 potions of lignification
 r - 2 potions of degeneration {unknown}
 s - a potion of curing
 t - a potion of agility
 w - a potion of ambrosia
 A - 4 potions of might
 H - 2 potions of flight {unknown}
 L - 2 potions of haste {unknown}
 S - a potion of cancellation {unknown}
Comestibles
 f - 6 rations
 j - a chunk of flesh


   Skills:
 + Level 11.1 Fighting
 + Level 10.0 Polearms
 + Level 17.3 Bows
 + Level 6.4 Armour
 - Level 1.3 Dodging
 - Level 0.4 Stealth


You had 12 spell levels left.
You didn't know any spells.
Your spell library contained the following spells:

 Spells                   Type           Power        Failure   Level  Hunger
 Animate Skeleton         Necr           N/A          41%         1    ##.....
 Apportation              Tloc           #.....       41%         1    ##.....
 Confusing Touch          Hex            #.....       41%         1    ##.....
 Infusion                 Chrm           #...         41%         1    ##.....
 Sting                    Conj/Pois      #...         41%         1    ##.....
 Summon Small Mammal      Summ           #...         41%         1    ##.....
 Poisonous Vapours        Pois/Air       #.....       56%         2    ###....
 Shroud of Golubria       Chrm/Tloc      #.........   56%         2    ###....
 Song of Slaying          Chrm           #.......     56%         2    ###....
 Confuse                  Hex            #.......     80%         3    ####...
 Gell's Gravitas          Tloc           #.........   80%         3    ####...
 Mephitic Cloud           Conj/Pois/Air  #.......     80%         3    ####...
 Regeneration             Chrm/Necr      #.........   80%         3    ####...
 Spectral Weapon          Hex/Chrm       #.......     80%         3    ####...
 Olgreb's Toxic Radiance  Pois           #.......     99%         4    #####..
 Petrify                  Tmut/Erth      #.......     99%         4    #####..
 Metabolic Englaciation   Hex/Ice        #.........   100%        5    ######.
 Venom Bolt               Conj/Pois      #.........   100%        5    ######.
 Yara's Violent Unravell  Hex/Tmut       #.........   100%        5    ######.


Dungeon Overview and Level Annotations

Branches:
Dungeon (9/15)             Temple (1/1) D:4            Lair (4/6) D:8
  Swamp (0/4) Lair:2        Snake (0/4) Lair:2
    Orc: D:9-12

Altars:
Ashenzari
Cheibriados
Dithmenos
Elyvilon
Fedhas
Gozag
Hepliaklqana
Kikubaaqudgha
Makhleb
Nemelex Xobeh
Okawaru
Qazlal
Ru
Sif Muna
Trog
Uskayaw
Vehumet
Wu Jian
Xom
Zin
The Shining One
Beogh

Shops:
D:6 :

Annotations:
D:3 3 runed translucent doors, exclusion: 3 doors, Kairos's ghost, novice DDFi
D:4 Sigmund
Lair:2 exclusion: 4 oklob plants


Innate Abilities, Weirdness & Mutations

You have hooves in place of feet.
Armour fits poorly on your strangely shaped body.
You cover ground very quickly.
You have extremely tough skin. (AC +3)


Message History

* * * LOW HITPOINT WARNING * * *
You turn to flesh and can move again.
The catoblepas closely misses you.
You puncture the catoblepas! You freeze the catoblepas.
You kick the catoblepas, but do no damage.
The catoblepas is moderately wounded.
The catoblepas gores you!
* * * LOW HITPOINT WARNING * * *
You slash the catoblepas! You freeze the catoblepas.
The catoblepas is heavily wounded.
The catoblepas gores you but does no damage.
You hit the catoblepas. You freeze the catoblepas. You kick the catoblepas.
The catoblepas is heavily wounded.
The catoblepas gores you!
* * * LOW HITPOINT WARNING * * *
You puncture the catoblepas! You freeze the catoblepas.
You kick the catoblepas, but do no damage.
The catoblepas is severely wounded.
The catoblepas gores you!
You die...

###### ##### # ########
#P#..###P..# #
#.##...####..........###
#........#..............
##...........[.>........
#....(.....†...........#
##....Y@.##..........P..
#....(...#...........##.
###.(#####...........###
##.## #####...#..#.## #..##
#######.###. ##..# ##.##
#.?# ## ### #>.#
##...###..### ###.###÷+##
##...........#
#.........####...........###


You could see a catoblepas.

Vanquished Creatures
  A hydra (Lair:1)
  Fannar (Lair:1)
  6 death yaks
  Pikel (D:7)
  Psyche (D:7)
  4 black mambas
  4 spiny frogs
  4 rime drakes
  A kobold demonologist (D:7)
  A komodo dragon (Lair:1)
  A polar bear (Lair:2)
  14 blink frogs
  6 hippogriffs
  3 wyverns
  23 yaks
  2 basilisks
  A steam dragon (Lair:2)
  4 insubstantial wisps (Lair:2)
  3 porcupines
  16 water moccasins
  4 slaves (D:7)
  An orc warrior (D:5)
  2 ice beasts
  2 sky beasts
  3 phantoms
  A black bear (D:7)
  5 ogres
  11 wolves
  3 centaurs
  6 crocodiles
  A big kobold (D:8)
  Blork the orc (D:5)
  9 bullfrogs
  A wyvern zombie (D:8)
  4 scorpions
  A water moccasin skeleton (D:9)
  36 killer bees
  4 wights
  2 crimson imps
  A hound (D:8)
  3 jellies (D:8)
  6 orc priests
  2 bullfrog skeletons
  3 centaur skeletons
  An iguana (D:6)
  5 orc wizards
  10 worker ants
  A hound zombie (D:7)
  A hound skeleton (D:4)
  A worker ant zombie (D:5)
  4 gnolls (D:8)
  14 adders
  A river rat (Lair:2)
  2 shadow imps (D:8)
  3 oozes
  An adder zombie (D:7)
  4 adder skeletons
  4 worms
  3 dart slugs
  4 leopard geckos
  19 orcs
  3 ball pythons
  8 bats
  8 giant cockroaches
  11 goblins
  6 hobgoblins
  2 jackals (D:5)
  11 kobolds
  7 quokkas
  6 frilled lizards
  A leopard gecko skeleton (D:4)
  A leopard gecko zombie (D:6)
  12 rats
  3 fungi
  3 plants
369 creatures vanquished.

Vanquished Creatures (others)
  A water moccasin (Lair:2)
  3 killer bees (Lair:2)
  2 demonic plants (Gauntlet)
  11 fungi
  2 plants (Lair:2)
19 creatures vanquished.

Grand Total: 388 creatures vanquished

Notes
Turn   | Place    | Note
-------+----------+-------------------------------------------
     0 | D:1      | schauveau the Centaur Hunter began the quest for the Orb.
     0 | D:1      | Reached XP level 1. HP: 17/17 MP: 1/1
   112 | D:2      | Reached XP level 2. HP: 14/24 MP: 2/2
   125 | D:2      | Reached skill level 6 in Bows
   282 | D:3      | Reached XP level 3. HP: 17/29 MP: 3/3
   532 | D:4      | Noticed an ogre
   537 | D:4      | Killed an ogre
   537 | D:4      | Reached skill level 8 in Bows
   537 | D:4      | Reached XP level 4. HP: 36/36 MP: 4/4
   598 | D:4      | Reached XP level 5. HP: 41/41 MP: 5/5
   644 | D:5      | Entered Level 5 of the Dungeon
   683 | D:4      | Found a staircase to the Ecumenical Temple.
   705 | Temple   | Entered the Ecumenical Temple
   841 | Temple   | Became a worshipper of Warmaster Okawaru
   983 | D:3      | Found a runed translucent gate.
   983 | D:3      | Identified the +2 spear "Anex Lee" {flame, rElec rC+ MR+}
   983 | D:3      | Identified the +5 chain mail of Ywides {rElec rF- MR+
                  | Dex+7}
  1002 | D:3      | Noticed Kairos's ghost (novice DDFi)
  1003 | D:3      | Found a runed translucent gate.
  1005 | D:3      | Found a runed translucent gate.
  1009 | D:3      | Reached skill level 9 in Bows
  1990 | D:2      | Reached XP level 6. HP: 33/48 MP: 6/6
  3125 | D:3      | Found a roughly hewn altar of Beogh.
  3666 | D:3      | Reached skill level 10 in Bows
  4149 | D:4      | Noticed Sigmund
  4552 | D:5      | Reached XP level 7. HP: 51/55 MP: 7/7
  4580 | D:5      | Reached skill level 11 in Bows
  4939 | D:5      | Noticed Blork the orc
  5075 | D:5      | Killed Blork the orc
  5164 | D:5      | Reached * piety under Okawaru
  5164 | D:5      | Reached skill level 12 in Bows
  5622 | D:6      | Reached skill level 1 in Polearms
  5677 | D:6      | Noticed a wyvern
  5691 | D:6      | Killed a wyvern
  5691 | D:6      | Reached XP level 8. HP: 36/63 MP: 8/8
  5720 | D:6      | Found Safouv's Book Emporium.
  5768 | D:6      | Reached ** piety under Okawaru
  6882 | D:7      | Reached skill level 13 in Bows
  7062 | D:7      | Reached skill level 5 in Fighting
  7062 | D:7      | Reached XP level 9. HP: 69/74 MP: 9/9
  7276 | D:7      | Reached *** piety under Okawaru
  7789 | D:7      | Received a gift from Okawaru
  8154 | D:7      | Reached skill level 5 in Polearms
  8323 | D:7      | Noticed a kobold demonologist
  8342 | D:7      | Noticed a smoke demon
  8349 | D:7      | Noticed a hellwing
  8349 | D:7      | Killed a kobold demonologist
  8821 | D:7      | Noticed Pikel
  8835 | D:7      | Killed Pikel
  8835 | D:7      | Reached skill level 14 in Bows
  9109 | D:7      | Reached **** piety under Okawaru
  9109 | D:7      | Reached XP level 10. HP: 71/86 MP: 10/10
  9322 | D:8      | Received a gift from Okawaru
  9388 | D:8      | Noticed a death yak
  9389 | D:8      | Noticed a death yak
  9484 | D:7      | Killed a death yak
  9484 | D:7      | Reached skill level 1 in Armour
  9551 | D:8      | Noticed Psyche
  9891 | D:7      | Killed Psyche
 10156 | D:8      | Found a staircase to the Lair.
 10156 | D:8      | Noticed a death yak
 10183 | D:8      | Noticed a death yak
 10189 | D:8      | Killed a death yak
 10189 | D:8      | Received a gift from Okawaru
 10189 | D:8      | Reached ***** piety under Okawaru
 10262 | D:8      | Killed a death yak
 10262 | D:8      | Reached skill level 15 in Bows
 10317 | D:8      | Noticed a death yak
 10322 | D:8      | Noticed a death yak
 10355 | D:8      | Killed a death yak
 10439 | D:8      | Killed a death yak
 10439 | D:8      | Received a gift from Okawaru
 10439 | D:8      | Reached XP level 11. HP: 34/95 MP: 11/11
 10559 | D:8      | Killed a death yak
 11045 | D:8      | Got a smoking leather armour
 11065 | D:8      | Identified the +2 leather armour of the Good {Dex+6} (You
                  | found it on level 8 of the Dungeon)
 11669 | Lair:1   | Entered Level 1 of the Lair of Beasts
 11719 | Lair:1   | Received a gift from Okawaru
 11822 | Lair:1   | Received a gift from Okawaru
 11827 | Lair:1   | Got a polished centaur barding {god gift}
 11838 | Lair:1   | Identified the +0 centaur barding of the Spheres {rF- rN+++
                  | MR++} (Okawaru gifted it to you on level 1 of the Lair of
                  | Beasts)
 11918 | Lair:1   | Noticed Fannar
 11939 | Lair:1   | Noticed a seven-headed hydra
 11980 | Lair:1   | Killed a seven-headed hydra
 12629 | Lair:1   | Reached skill level 16 in Bows
 12813 | Lair:1   | Killed Fannar
 13782 | Lair:2   | Found a staircase to the Snake Pit.
 13993 | Lair:2   | Reached XP level 12. HP: 98/106 MP: 12/12
 14433 | Lair:2   | Reached skill level 5 in Armour
 14943 | Lair:2   | Reached skill level 10 in Fighting
 15498 | Lair:2   | Received a gift from Okawaru
 17495 | Lair:2   | Found a staircase to the Swamp.
 18998 | Lair:3   | Reached skill level 17 in Bows
 20161 | Lair:4   | Noticed a catoblepas
 20177 | Lair:4   | Found a gate leading to a gauntlet.
 20186 | Gauntlet | Entered a Gauntlet
 20186 | Gauntlet | Found a transporter.
 20186 | Gauntlet | Found a transporter.
 20212 | Gauntlet | Found a transporter.
 20216 | Gauntlet | Found a transporter.
 20226 | Gauntlet | Found a transporter.
 20230 | Gauntlet | Found a transporter.
 20240 | Gauntlet | Found a transporter.
 20241 | Gauntlet | Noticed an entropy weaver
 20262 | Gauntlet | Found a transporter.
 20281 | Gauntlet | Found a transporter.
 20285 | Gauntlet | Found a transporter.
 20286 | Gauntlet | Noticed a reaper
 20303 | Gauntlet | Found a transporter.
 20307 | Gauntlet | Found a transporter.
 20922 | Lair:4   | Received a gift from Okawaru
 20923 | Lair:4   | Got a slimy troll leather armour {god gift}
 20986 | Lair:3   | Reached ****** piety under Okawaru
 20986 | Lair:3   | Reached skill level 10 in Polearms
 20986 | Lair:3   | Reached XP level 13. HP: 90/116 MP: 13/13
 21096 | Lair:3   | Slain by a catoblepas

Skill      XL: |  1  2  3  4  5  6  7  8  9 10 11 12 |
---------------+-------------------------------------+-----
Bows           | 6 8 9 10 12 13 14 15 16 17 | 17.3
Polearms       | 2 4 6 7 8 10 | 10.0
Fighting       | 3 5 7 8 9 11 | 11.1
Armour         | 3 4 6 |  6.4
Dodging        | |  1.3
Stealth        | |  0.4

Action                   |  1- 3 |  4- 6 |  7- 9 | 10-12 | 13-15 || total
-------------------------+-------+-------+-------+-------+-------++-------
Melee: Short sword       |    33 |   204 |    16 |       |       ||   253
       Kick              |     4 |    53 |     7 |    21 |     4 ||    89
       Halberd           |       |       |    33 |    68 |     6 ||   107
       Shortbow          |       |       |     1 |       |       ||     1
 Fire: Shortbow          |     8 |   139 |   433 |  1341 |    34 ||  1955
Throw: Stone             |       |       |     1 |     1 |       ||     2
Evoke: Wand              |       |       |       |     2 |       ||     2
  Use: Potion            |     1 |       |     2 |     6 |       ||     9
       Scroll            |       |       |    16 |    11 |       ||    27
  Eat: Chunk             |       |     5 |     8 |     5 |       ||    18
       Ration            |       |     1 |     1 |     8 |       ||    10
Armor: Leather armour    |    13 |     3 |    78 |   356 |    10 ||   460
       Plate armour      |       |   218 |    33 |       |       ||   251
Dodge: Dodged            |    15 |    11 |    41 |   243 |     6 ||   316
Block: Other             |       |     1 |    20 |    41 |       ||    62
       Reflection        |       |       |     2 |       |       ||     2
